[Event "POL-chT DMP Ekstraliga 2019"]
[Site "Katowice"]
[Date "2019.09.04"]
[Round "8.3"]
[White "Dziuba, Marcin"]
[Black "Socko, Bartosz"]
[Result "1-0"]
[ECO "E12"]
[WhiteElo "2568"]
[BlackElo "2625"]
[Annotator "RC"]
[PlyCount "131"]
[EventDate "2019.08.28"]
[EventType "team-tourn"]
[EventCountry "POL"]
[SourceTitle "playchess.com"]
[Source "ChessBase"]
[SourceQuality "1"]
[TimeControl "40/5400+30:1800+30"]

1. d4 Nf6 2. c4 e6 3. Nf3 b6 4. Bf4 Bb7 5. e3 Be7 6. Nc3 Ne4 7. Nxe4 Bxe4 8. Bd3 Bxd3 9. Qxd3 O-O 10. h4 f5 11. O-O-O d5 12. Kb1 Nc6 13. Rc1 Rc8 14. Bg5 Nb4 15. Qa3 a5 16. c5 Rb8 17. c6 Bf6 18. Qc3 Qe7 19. a3 Na6 20. Ne5 Ra8 21. Nd7 Rf7 22. Ne5 Rff8 23. Nd7 Rf7 24. f4 Qd6 25. h5 Nb8 26. Ne5 Bxe5 27. fxe5 Qf8 28. Rhg1 b5 29. Qc5 Ra6 30. Qxb5 Rb6 31. Qa4 h6 32. Bf4 Qe8 33. g4 fxg4 34. Rxg4 Re7 35. Rg6 Qf8 36. Bxh6 Qf5+ 37. Ka2 Qxh5 38. Qc2 Rxc6 39. Qg2 Qxg6 40. Qxg6 Rxc1 41. e4 Rh1 42. Bg5 Rg1 43. exd5 exd5 44. Qf5 Rf7 45. Qc8+ Rf8 46. Qe6+ Kh7 47. Be7 Rf2 48. a4 Rgg2 49. Ba3 Rc2 50. Qh3+ Kg6 51. e6 Nc6 52. e7 Nxe7 53. Qe6+ Kh5 54. Qxe7 c6 55. Qd8 g5 56. Qxa5 g4 57. Qc7 Rc1 58. Qe5+ Kg6 59. Qe6+ Kg7 60. Bf8+ Kxf8 61. Qh6+ Ke7 62. Qxc1 Kd7 63. Qf1 Rg3 64. Qf5+ Kd8 65. Qf4 Rg1 66. Qd6+ 1-0

[Event "POL-chT DMP Ekstraliga 2019"]
[Site "Katowice"]
[Date "2019.09.04"]
[Round "8.24"]
[White "Antolak, Julia"]
[Black "Warakomska, Anna"]
[Result "1/2-1/2"]
[ECO "B15"]
[WhiteElo "2240"]
[BlackElo "2241"]
[Annotator "NA"]
[PlyCount "48"]
[EventDate "2019.08.28"]
[EventType "team-tourn"]
[EventCountry "POL"]
[SourceTitle "playchess.com"]
[Source "ChessBase"]
[SourceQuality "1"]
[TimeControl "40/5400+30:1800+30"]

1. e4 c6 2. d4 d5 3. Nc3 dxe4 4. Nxe4 Nf6 5. Nxf6+ exf6 6. c3 Bd6 7. Bd3 O-O 8. Qc2 Re8+ 9. Ne2 h5 10. O-O h4 11. Nf4 Nd7 12. Qd1 Nf8 13. Qh5 Qc7 14. g3 Bd7 15. Bd2 Qc8 16. Rfe1 Rxe1+ 17. Rxe1 Bg4 18. Qxh4 Bxf4 19. gxf4 Bf5 20. Bc4 Qd7 21. Qg3 Re8 22. Rxe8 Qxe8 23. Qe3 Qd7 24. f3 Ng6 1/2-1/2

[Event "POL-chT DMP Ekstraliga 2019"]
[Site "Katowice"]
[Date "2019.09.05"]
[Round "9.12"]
[White "Leks, Maria"]
[Black "Antolak, Julia"]
[Result "0-1"]
[ECO "B83"]
[WhiteElo "2129"]
[BlackElo "2240"]
[Annotator "NA"]
[PlyCount "96"]
[EventDate "2019.08.28"]
[EventType "team-tourn"]
[EventCountry "POL"]
[SourceTitle "playchess.com"]
[Source "ChessBase"]
[SourceQuality "1"]
[TimeControl "40/5400+30:1800+30"]

1. e4 c5 2. Nf3 e6 3. d4 cxd4 4. Nxd4 Nf6 5. Nc3 d6 6. Be2 Be7 7. O-O Nc6 8. Be3 a6 9. a4 O-O 10. f4 Qc7 11. Kh1 Nxd4 12. Qxd4 Bd7 13. e5 Ne8 14. Bd3 Bc6 15. Rae1 Rd8 16. Qb6 dxe5 17. Qxc7 Nxc7 18. Bb6 Rd7 19. fxe5 Bb4 20. Bxc7 Rxc7 21. Rf4 Bxc3 22. bxc3 Rfc8 23. Ref1 Be8 24. Be4 Bxa4 25. Bxb7 Rxb7 26. Rxa4 Rxc3 27. Rxa6 g6 28. Ra2 Rbc7 29. Rf2 Re3 30. h3 Rxe5 31. Rb2 Kg7 32. Kh2 f5 33. Rd2 Kf6 34. Kg3 Rec5 35. Kf2 R5c6 36. Ke3 e5 37. Ke2 e4 38. Ra2 Kg5 39. Kd1 Rc3 40. Ke2 Kf4 41. Rb2 Kg3 42. Kf1 f4 43. Rd5 Rxc2 44. Rg5+ Kh2 45. Rxc2 Rxc2 46. Rg4 f3 47. gxf3 exf3 48. h4 Kh3 0-1

[Event "POL-chT DMP Ekstraliga 2019"]
[Site "Katowice"]
[Date "2019.09.05"]
[Round "9.15"]
[White "Janik, Igor"]
[Black "Olszewski, Michal"]
[Result "0-1"]
[ECO "D70"]
[WhiteElo "2483"]
[BlackElo "2522"]
[Annotator "RC"]
[PlyCount "146"]
[EventDate "2019.08.28"]
[EventType "team-tourn"]
[EventCountry "POL"]
[SourceTitle "playchess.com"]
[Source "ChessBase"]
[SourceQuality "1"]
[TimeControl "40/5400+30:1800+30"]

1. d4 Nf6 2. c4 g6 3. Nf3 Bg7 4. g3 c5 5. Bg2 cxd4 6. Nxd4 d5 7. Nc3 e5 8. Nb3 d4 9. Nd5 Nxd5 10. cxd5 O-O 11. O-O Nd7 12. e3 a5 13. a4 Qb6 14. Re1 Nf6 15. exd4 Bg4 16. f3 Bf5 17. g4 Bd7 18. Rxe5 Nxg4 19. Re1 Nf6 20. Nc5 Bf5 21. d6 Qxd6 22. Nxb7 Qb4 23. Nc5 Rfe8 24. Bg5 Qxb2 25. Kh1 Rxe1+ 26. Qxe1 Qxd4 27. Rc1 Rc8 28. Be3 Qb2 29. Rd1 Re8 30. Qg1 Qc2 31. Rc1 Qe2 32. Bd4 Bh6 33. Ra1 Nd5 34. Nb7 Be3 35. Bxe3 Rxe3 36. Qf1 Nf4 37. Qxe2 Rxe2 38. Bf1 Re5 39. Bb5 Bd3 40. Bxd3 Nxd3 41. Rb1 Rg5 42. h3 Rg3 43. Rb3 Rxh3+ 44. Kg2 Nf4+ 45. Kf2 g5 46. Rb5 Rh2+ 47. Kf1 f6 48. Rxa5 Ra2 49. Nd6 h5 50. Ne4 Kf7 51. Rf5 Ke6 52. Rxf6+ Ke5 53. Rb6 Ne6 54. Ng3 h4 55. Ne2 Rxa4 56. Rb5+ Kf6 57. Rb2 h3 58. Kf2 Ra1 59. Kg3 Rh1 60. Rb6 Ke5 61. Rb5+ Kd6 62. Nc3 Nc5 63. Rb2 Ne6 64. Ne4+ Ke5 65. Rb5+ Kd4 66. Nxg5 Nxg5 67. Rb4+ Kc3 68. Rh4 Rg1+ 69. Kf2 Rg2+ 70. Kf1 Rg3 71. f4 Ne4 72. f5 Kd3 73. f6 Ke3 0-1

[Event "POL-chT DMP Ekstraliga 2019"]
[Site "Katowice"]
[Date "2019.09.05"]
[Round "9.21"]
[White "Mastrovasilis, Dimitrios"]
[Black "Kriebel, Tadeas"]
[Result "1/2-1/2"]
[ECO "B32"]
[WhiteElo "2594"]
[BlackElo "2531"]
[Annotator "ChessBase"]
[PlyCount "54"]
[EventDate "2019.08.28"]
[EventType "team-tourn"]
[EventCountry "POL"]
[SourceTitle "playchess.com"]
[Source "ChessBase"]
[SourceQuality "1"]
[TimeControl "40/5400+30:1800+30"]

1. e4 c5 2. Nf3 Nc6 3. d4 cxd4 4. Nxd4 e5 5. Nb5 a6 6. Nd6+ Bxd6 7. Qxd6 Qe7 8. Qxe7+ Ngxe7 9. Nc3 d5 10. exd5 Nd4 11. Bd3 Bf5 12. O-O Bxd3 13. cxd3 Nc2 14. Rb1 Rd8 15. f4 Nxd5 16. fxe5 O-O 17. Bg5 Nxc3 18. bxc3 Rxd3 19. Rxb7 Rxc3 20. Be7 Re8 21. Bd6 Ne3 22. Rf3 f6 23. h3 Rc1+ 24. Kf2 Nc4 25. exf6 Nxd6 26. f7+ Nxf7 27. Rfxf7 Rf8 1/2-1/2